 Dungeon Crawl Stone Soup version 0.23.1 (webtiles) character file.

Game seed: 0

32990 vatarom the Destroyer (level 13, -7/102 HPs)
             Began as a White Draconian Conjurer on Mar 16, 2019.
             Was an Elder of Vehumet.
             Mangled by a death yak (22 damage)
             ... on level 5 of the Lair of Beasts on Mar 17, 2019.
             The game lasted 01:03:27 (24338 turns).

vatarom the Destroyer (White Draconian Conjurer)   Turns: 24338, Time: 01:03:28

Health: -7/102     AC: 17    Str: 11    XL:     13   Next: 34%
Magic:  36/36      EV: 16    Int: 19    God:    Vehumet [****..]
Gold:   1050       SH:  0    Dex: 13    Spells: 3/32 levels left

rFire    . . .     SeeInvis +   V - +9 staff of Wucad Mu {channel}
rCold    + . .     Gourm    .   (no shield)
rNeg     . . .     Faith    .   (armour unavailable)
rPois    .         Spirit   .   E - +2 hat
rElec    .         Reflect  .   B - +2 cloak {MR+}
rCorr    .         Harm     .   H - +1 pair of gloves
MR       +....                  S - +1 pair of boots
Stlth    ++........             P - amulet of magic regeneration
HPRegen  0.27/turn              x - ring of magical power
MPRegen  0.50/turn              w - ring of wizardry

@: about to teleport
A: breathe frost, unfitting armour, beak, stinger 1, see invisible, cold
resistance 1, cold-blooded, AC +8
a: Breathe Frost, Renounce Religion


You were on level 5 of the Lair of Beasts.
You worshipped Vehumet.
Vehumet was greatly pleased with you.
You were not hungry.

You visited 3 branches of the dungeon, and saw 18 of its levels.

You collected 1050 gold pieces.

Inventory:

Hand Weapons
 h - a +2 rapier of electrocution
 t - a +2 spear of venom
 V - the +9 staff of Wucad Mu (weapon) {channel}
   (You acquired it on level 5 of the Lair of Beasts)
Missiles
 q - 4 silver javelins (quivered)
Armour
 B - a +2 cloak of magic resistance (worn)
 E - a +2 hat (worn)
 H - a +1 pair of gloves (worn)
 S - a +1 pair of boots (worn)
Magical Staves
 L - an uncursed staff of power
Jewellery
 m - an uncursed ring of protection from magic
 w - a ring of wizardry (right hand)
 x - a ring of magical power (left hand)
 A - a +2 ring of strength
 P - an amulet of magic regeneration (around neck)
Wands
 g - a wand of paralysis (19)
 j - a wand of random effects (19)
 v - a wand of polymorph (11)
 z - a wand of clouds (5) {@v3}
 C - a wand of enslavement (14)
 G - a wand of flame (46)
 I - a wand of digging (10) {@v1}
 Q - a wand of iceblast (6) {@v4}
Scrolls
 a - 6 scrolls of amnesia
 e - 3 scrolls of blinking {@r4}
 f - 2 scrolls of enchant armour
 l - 11 scrolls of teleportation {@r3}
 n - 3 scrolls of immolation
 u - 3 scrolls of silence
 y - 2 scrolls of fear
 D - 5 scrolls of magic mapping
 O - 9 scrolls of remove curse {@r2}
 R - a scroll of fog
Potions
 c - a potion of flight
 d - 5 potions of agility {@q5}
 i - 2 potions of mutation
 k - 3 potions of heal wounds {@q2}
 o - 3 potions of haste {@q3}
 p - 4 potions of cancellation
 r - 5 potions of curing {@q1}
 s - 2 potions of might {@q4}
 F - a potion of invisibility {unknown}
 J - 2 potions of ambrosia
 K - 2 potions of lignification {unknown}
 M - a potion of resistance {unknown}
 N - 2 potions of berserk rage {unknown}
 T - a potion of magic {unknown}
Comestibles
 b - 15 rations {@e1}


   Skills:
 - Level 6.2 Fighting
 - Level 7.4 Dodging
 - Level 1.7 Stealth
 - Level 10.0 Spellcasting
 + Level 13.0 Conjurations
 - Level 6.8 Hexes
 - Level 10.8 Ice Magic
 * Level 5.4 Evocations


You had 3 spell levels left.
You knew the following spells:

 Your Spells              Type           Power        Failure   Level  Hunger
a - Magic Dart            Conj           ####         1%          1    None
b - Searing Ray           Conj           ######       1%          2    None
c - Iskenderun's Mystic   Conj           ######..     1%          4    ##.....
e - Force Lance           Conj/Tloc      ####....     1%          4    ##.....
q - Dazzling Spray        Conj/Hex       #####.       1%          3    None
z - Throw Icicle          Conj/Ice       ######..     1%          4    ##.....
I - Summon Ice Beast      Ice/Summ       ####....     3%          4    ##.....
M - Mephitic Cloud        Conj/Pois/Air  ####....     1%          3    None
P - Fulminant Prism       Conj/Hex       #####.....   1%          4    ##.....

Your spell library contained the following spells:

 Spells                   Type           Power        Failure   Level  Hunger
 Venom Bolt               Conj/Pois      ####......   1%          5    #####..
 Corona                   Hex            #####..      1%          1    None
 Freeze                   Ice            ####         1%          1    None
 Sandblast                Erth           #.....       1%          1    None
 Ensorcelled Hibernation  Hex/Ice        #####.       1%          2    None
 Throw Frost              Conj/Ice       ######       1%          2    None
 Confuse                  Hex            #####...     1%          3    None
 Ozocubu's Armour         Chrm/Ice       ####....     1%          3    None
 Stone Arrow              Conj/Erth      ####..       1%          3    None
 Tukima's Dance           Hex            #####...     1%          3    None
 Passwall                 Tmut/Erth      #.......     4%          2    None
 Swiftness                Chrm/Air       #.......     4%          2    None
 Lee's Rapid Deconstruct  Erth           #.........   21%         5    #####..
 Darkness                 Hex            #####.....   26%         6    ######.
 Invisibility             Hex            #####...     26%         6    ######.
 Passage of Golubria      Tloc           N/A          28%         4    ##.....
 Petrify                  Tmut/Erth      #.......     28%         4    ##.....


Dungeon Overview and Level Annotations

Branches:
Dungeon (11/15)            Temple (1/1) D:5            Lair (6/6) D:8
 Shoals (0/4) Lair:3       Spider (0/4) Lair:4        Slime (0/5) Lair:6
    Orc: D:9-12

Altars:
Ashenzari
Cheibriados
Dithmenos
Elyvilon
Fedhas
Gozag
Hepliaklqana
Kikubaaqudgha
Makhleb
Nemelex Xobeh
Okawaru
Qazlal
Ru
Sif Muna
Trog
Uskayaw
Vehumet
Wu Jian
Xom
Yredelemnul
Zin
The Shining One
Jiyva

Shops:
D:6 *

Annotations:
D:6 exclusion: cyclops
Lair:4 exclusion: 4 oklob plants


Innate Abilities, Weirdness & Mutations

You can breathe waves of freezing cold.
You can buffet flying creatures when you breathe cold.
Your icy white scales are hard. (AC +8)
You cannot fit into any form of body armour.
Your flesh is cold resistant. (rC+)
You are cold-blooded and may be slowed by cold attacks.
You have a beak for a mouth.
Your tail ends in a poisonous barb.
You have supernaturally acute eyesight. (SInv)


Message History

The yak barely misses you. The death yak gores you!
The spiny frog stings you but does no damage.
The death yak gores you.
The death yak gores you but does no damage.
You climb upwards.
There is a stone staircase leading down here.
Unknown command.
Unknown command.
Unknown command.
Unknown command.
Unknown command.
Unknown command.
As you read the scroll of teleportation {@r3}, it crumbles to dust.
You feel strangely unstable. The yak closely misses you.
The spiny frog stings you!! The death yak gores you!
* * * LOW HITPOINT WARNING * * *
The death yak gores you!
* * * LOW HITPOINT WARNING * * *
The death yak gores you!!
You die...

###.#......###...#.....#..
###......#.P............
#.#...........#........
####.........##.###....
########......##### #.##.
#....# #.....## ###....
###...###......# ###......
#...#...PYY....# #.#......
###.##..Y@Y....###........
###.##.F.......#.....P...
###..##....................
#.........P................
#....#...##P.#......P......
###..#...####......P##.##..
##.#P##.P######....P###....
#.####...#.###......##.#..#
##.###...#.##..............


You could see 3 death yaks, a yak and a spiny frog.

Vanquished Creatures
  Erolcha (D:9)
  A catoblepas (Lair:5)
  3 death yaks
  A two-headed ogre (D:9)
  A deep elf mage (D:9)
  An ugly thing (D:11)
  Maurice (D:10)
  5 elephants (Lair:5)
  A merfolk siren (Lair:3)
  3 black mambas
  8 spiny frogs
  A centaur skeleton (D:10)
  A rime drake (Lair:5)
  2 komodo dragons
  A troll (D:10)
  A hornet (D:7)
  Prince Ribbit (D:6)
  A dream sheep (Lair:2)
  6 hippogriffs
  8 blink frogs
  7 spriggans
  Sigmund (D:4)
  15 yaks
  A wyvern (D:9)
  Eustachio (D:6)
  A vampire (D:10)
  4 hungry ghosts
  5 vampire mosquitoes
  Menkaure (D:4)
  2 insubstantial wisps (Lair:1)
  3 porcupines
  Duvessa (D:4)
  An acid dragon (D:11)
  4 water moccasins
  4 orc warriors
  2 sky beasts (D:8)
  An ice beast (D:9)
  3 ogres
  3 necrophages (D:10)
  3 phantoms
  15 wolves
  2 centaurs
  9 crocodiles
  Blork the orc (D:5)
  17 bullfrogs
  A gnoll sergeant (D:6)
  Dowan (D:4)
  4 killer bees (D:11)
  4 scorpions
  16 wights
  3 electric eels
  6 howler monkeys
  3 crimson imps
  A centaur zombie (D:8)
  2 bullfrog skeletons (D:8)
  2 bullfrog zombies
  5 hounds
  3 orc priests
  2 jellies (D:7)
  17 orc wizards
  An iguana (D:7)
  11 worker ants
  Ijyb (D:4)
  A hound zombie (D:5)
  A mummy (D:4)
  4 gnolls (D:8)
  8 adders
  4 shadow imps
  2 oozes
  An adder skeleton (D:10)
  2 worms (D:2)
  2 dart slugs
  5 leopard geckos
  45 orcs
  4 giant cockroaches
  2 gnoll zombies (D:2)
  6 goblins
  6 hobgoblins
  7 jackals
  4 quokkas
  A ball python (D:3)
  5 bats
  4 frilled lizards
  5 kobolds
  5 rats
  A fungus (D:8)
363 creatures vanquished.

Vanquished Creatures (collateral kills)
  4 hydras
  3 death yaks (Lair:4)
  An elephant (Lair:5)
  A black mamba (Lair:6)
  4 spiny frogs
  5 dream sheep (Lair:2)
  5 blink frogs
  5 yaks (Lair:4)
  A vampire mosquito (Lair:6)
  2 water moccasins (Lair:1)
  2 porcupines (Lair:2)
  2 wolves
  A crocodile (Lair:1)
  2 bullfrogs
  A fungus (Lair:4)
  A plant (Lair:1)
40 creatures vanquished.

Vanquished Creatures (others)
  21 fulminant prisms
  11 fungi
  20 plants
  4 toadstools (D:8)
56 creatures vanquished.

Grand Total: 459 creatures vanquished

Notes
Turn   | Place    | Note
-------+----------+-------------------------------------------
     0 | D:1      | vatarom the Draconian Conjurer began the quest for the Orb.
     0 | D:1      | Reached XP level 1. HP: 14/14 MP: 3/3
   364 | D:1      | Reached XP level 2. HP: 20/20 MP: 0/5
   424 | D:1      | Learned a level 2 spell: Searing Ray
  1132 | D:2      | Reached XP level 3. HP: 26/26 MP: 2/6
  1222 | D:2      | Learned a level 3 spell: Dazzling Spray
  1433 | D:2      | Found an ancient bone altar of Kikubaaqudgha.
  1729 | D:2      | Reached skill level 5 in Conjurations
  1800 | D:2      | Found a white marble altar of Elyvilon.
  1917 | D:2      | Found a stormy altar of Qazlal.
  1989 | D:2      | Found a basalt altar of Yredelemnul.
  2147 | D:3      | Reached XP level 4. HP: 32/33 MP: 3/8
  2624 | D:3      | Found a glowing golden altar of the Shining One.
  2747 | D:3      | Reached XP level 5. HP: 36/38 MP: 9/9
  3206 | D:4      | Noticed Duvessa
  3206 | D:4      | Noticed Dowan
  3219 | D:4      | Killed Duvessa
  3219 | D:4      | Reached skill level 6 in Conjurations
  3219 | D:4      | Reached XP level 6. HP: 18/45 MP: 4/11
  3221 | D:4      | Killed Dowan
  3341 | D:4      | Found a white marble altar of Elyvilon.
  3342 | D:4      | Found a shattered altar of Ashenzari.
  3423 | D:4      | Noticed Ijyb
  3446 | D:4      | Killed Ijyb
  3526 | D:4      | Found a shadowy altar of Dithmenos.
  3601 | D:4      | Learned a level 4 spell: Iskenderun's Mystic Blast
  3602 | D:4      | Found an ornate altar of the Wu Jian Council.
  3678 | D:4      | Noticed Menkaure
  3695 | D:4      | Killed Menkaure
  3695 | D:4      | Reached skill level 7 in Conjurations
  3695 | D:4      | Your scales start taking on an icy white colour.
  3695 | D:4      | Reached XP level 7. HP: 40/50 MP: 0/13
  3695 | D:4      | Gained mutation: Your flesh is cold resistant. (rC+) [White
                  | Draconian growth]
  3801 | D:4      | Noticed Sigmund
  3811 | D:4      | Killed Sigmund
  4165 | D:4      | Found a snail-covered altar of Cheibriados.
  4253 | D:5      | Entered Level 5 of the Dungeon
  4321 | D:5      | Found a bloodstained altar of Trog.
  4333 | D:5      | Found a deep blue altar of Sif Muna.
  4439 | D:5      | Noticed Blork the orc
  4452 | D:5      | Reached skill level 8 in Conjurations
  4458 | D:5      | Killed Blork the orc
  4458 | D:5      | Reached skill level 5 in Spellcasting
  4556 | D:5      | Found a staircase to the Ecumenical Temple.
  4564 | Temple   | Entered the Ecumenical Temple
  4715 | Temple   | Became a worshipper of Vehumet
  5128 | D:5      | Found a glowing silver altar of Zin.
  5132 | D:5      | Found an opulent altar of Gozag.
  5247 | D:6      | Reached XP level 8. HP: 53/57 MP: 9/15
  5366 | D:6      | Noticed Eustachio
  5390 | D:6      | Killed Eustachio
  5390 | D:6      | Reached skill level 9 in Conjurations
  5890 | D:6      | Noticed Prince Ribbit
  5896 | D:6      | Killed Prince Ribbit
  6010 | D:6      | Learned a level 4 spell: Fulminant Prism
  6013 | D:6      | Reached skill level 10 in Conjurations
  6033 | D:6      | Noticed a cyclops
  6043 | D:6      | Found Vaomp's Mass Market.
  6171 | D:6      | Found a sacrificial altar of Ru.
  6955 | D:7      | Noticed Joseph
  7153 | D:7      | Reached XP level 9. HP: 62/62 MP: 9/18
  7155 | D:7      | Reached skill level 1 in Hexes
  7230 | D:7      | Got an ivory long sword
  7231 | D:7      | Identified the +1 long sword "Viberhy" {holy, Dex+2} (You
                  | found it on level 7 of the Dungeon)
  7521 | D:7      | Found a snail-covered altar of Cheibriados.
  7620 | D:7      | Reached * piety under Vehumet
  7620 | D:7      | Offered knowledge of Flame Tongue by Vehumet.
  8346 | D:7      | Noticed Joseph
  8346 | D:7      | Joseph changed into Joseph the hornet
  8355 | D:7      | Killed Joseph the hornet
  9010 | D:8      | Found a staircase to the Lair.
  9059 | D:8      | Learned a level 4 spell: Force Lance
  9097 | D:8      | Reached skill level 11 in Conjurations
  9198 | D:8      | Reached skill level 5 in Hexes
  9418 | D:8      | Reached ** piety under Vehumet
  9424 | D:8      | Offered knowledge of Throw Flame by Vehumet.
  9432 | D:8      | Reached XP level 10. HP: 43/69 MP: 21/21
 10039 | D:8      | Got a clouded sapphire amulet
 10116 | D:8      | Identified the amulet "Lesynyclaw" {RegenMP rElec rC+ MP-9
                  | SInv} (You found it on level 8 of the Dungeon)
 10293 | D:9      | Noticed a two-headed ogre
 10299 | D:9      | Killed a two-headed ogre
 10446 | D:9      | Noticed a deep elf mage
 10526 | D:9      | Killed a deep elf mage
 10670 | D:9      | Learned a level 4 spell: Throw Icicle
 10781 | D:9      | Offered knowledge of Static Discharge by Vehumet.
 11160 | D:9      | Noticed Erolcha
 11503 | D:9      | Reached *** piety under Vehumet
 11632 | D:9      | Killed Erolcha
 12236 | D:10     | Entered Level 10 of the Dungeon
 12260 | D:10     | Reached XP level 11. HP: 71/74 MP: 13/23
 12436 | D:9      | Offered knowledge of Airstrike by Vehumet.
 12584 | D:10     | Noticed Maurice
 12687 | D:10     | Reached skill level 1 in Fighting
 12934 | D:10     | Killed Maurice
 14238 | D:11     | Learned a level 4 spell: Summon Ice Beast
 14404 | D:11     | Noticed a skeletal warrior
 14741 | D:11     | Reached **** piety under Vehumet
 14807 | D:11     | Gained mutation: You have supernaturally acute eyesight.
                  | (SInv) [potion of mutation]
 14807 | D:11     | Gained mutation: Your tail ends in a poisonous barb.
                  | [potion of mutation]
 14807 | D:11     | Gained mutation: You have a beak for a mouth. [potion of
                  | mutation]
 15038 | D:11     | Offered knowledge of Mephitic Cloud by Vehumet.
 15127 | D:11     | Noticed a cyan ugly thing
 15139 | D:11     | Killed a cyan ugly thing
 15139 | D:11     | Reached skill level 5 in Fighting
 15225 | Lair:1   | Entered Level 1 of the Lair of Beasts
 15896 | Lair:1   | Noticed a five-headed hydra
 15906 | Lair:1   | Killed a five-headed hydra
 16402 | Lair:1   | Learned a level 3 spell: Mephitic Cloud
 16721 | Lair:1   | Reached skill level 10 in Spellcasting
 17027 | Lair:1   | Reached XP level 12. HP: 95/96 MP: 26/26
 17623 | Lair:2   | Noticed an eight-headed hydra
 17633 | Lair:2   | Killed an eight-headed hydra
 19730 | Lair:3   | Reached skill level 5 in Dodging
 19849 | Lair:3   | Found a staircase to the Shoals.
 19856 | Lair:3   | Reached skill level 12 in Conjurations
 20125 | Lair:4   | Noticed a death yak
 20143 | Lair:4   | Found a hole to the Spider Nest.
 20161 | Lair:4   | Noticed a death yak
 20161 | Lair:4   | Noticed a death yak
 20215 | Lair:4   | Reached skill level 10 in Ice Magic
 20242 | Lair:4   | Reached ***** piety under Vehumet
 20326 | Lair:4   | Offered knowledge of Venom Bolt by Vehumet.
 20377 | Lair:4   | Noticed an eight-headed hydra
 20391 | Lair:4   | Killed an eight-headed hydra
 20399 | Lair:4   | Noticed a seven-headed hydra
 20422 | Lair:4   | Killed a seven-headed hydra
 20846 | Lair:4   | Noticed a death yak
 20850 | Lair:4   | Noticed a death yak
 20874 | Lair:4   | Killed a death yak
 20887 | Lair:4   | Killed a death yak
 20897 | Lair:4   | Killed a death yak
 20907 | Lair:4   | Killed a death yak
 20975 | Lair:4   | Killed a death yak
 21908 | Lair:5   | Identified a scroll of acquirement
 21909 | Lair:5   | Found the +9 staff of Wucad Mu {channel}
 21923 | Lair:5   | Noticed a catoblepas
 21957 | Lair:5   | Killed a catoblepas
 21957 | Lair:5   | Reached skill level 1 in Evocations
 21957 | Lair:5   | Reached XP level 13. HP: 89/102 MP: 24/27
 23572 | Lair:6   | Entered Level 6 of the Lair of Beasts
 23572 | Lair:6   | Found a staircase to the Slime Pits.
 23572 | Lair:6   | Found a viscous altar of Jiyva.
 24138 | Lair:6   | Reached skill level 5 in Evocations
 24247 | Lair:6   | Reached skill level 13 in Conjurations
 24338 | Lair:5   | Mangled by a death yak

Skill      XL: |  1  2  3  4  5  6  7  8  9 10 11 12 13 |
---------------+----------------------------------------+-----
Conjurations   | 5 6 7 8 10 11 12 13 | 13.0
Spellcasting   | 3 4 5 6 7 8 10 | 10.0
Hexes          | 5 6 |  6.8
Ice Magic      | 7 9 10 | 10.8
Fighting       | 6 |  6.2
Dodging        | 2 7 |  7.4
Evocations     | 1 5 |  5.4
Stealth        | |  1.7

Action                   |  1- 3 |  4- 6 |  7- 9 | 10-12 | 13-15 || total
-------------------------+-------+-------+-------+-------+-------++-------
Melee: Mace              |    64 |       |       |       |       ||    64
       Tailslap          |     5 |     4 |    31 |    25 |    10 ||    75
       Rapier            |     8 |    27 |    16 |    36 |       ||    87
       Spear             |       |    44 |   264 |    37 |       ||   345
       Unarmed           |       |    16 |       |       |       ||    16
       Staff             |       |       |       |   152 |    65 ||   217
       Peck              |       |       |       |    12 |     8 ||    20
Throw: Javelin           |       |       |       |     1 |       ||     1
       Throwing net      |       |       |       |     1 |       ||     1
 Cast: Magic Dart        |    36 |    19 |    56 |    57 |       ||   168
       Searing Ray       |     4 |     2 |    12 |       |       ||    18
       Dazzling Spray    |       |     1 |    21 |    90 |     6 ||   118
       Iskenderun's Myst |       |     1 |    25 |   101 |    29 ||   156
       Fulminant Prism   |       |       |     1 |    19 |     1 ||    21
       Throw Icicle      |       |       |       |   156 |    23 ||   179
       Force Lance       |       |       |       |     5 |       ||     5
       Summon Ice Beast  |       |       |       |    62 |    21 ||    83
       Mephitic Cloud    |       |       |       |     4 |       ||     4
 Abil: Breathe Frost     |       |       |     6 |    15 |     1 ||    22
Evoke: Wand              |       |       |     3 |     1 |     1 ||     5
       Staff of Wucad Mu |       |       |       |       |    22 ||    22
  Use: Scroll            |     7 |     5 |     7 |    15 |     4 ||    38
       Potion            |       |       |     5 |     4 |       ||     9
 Stab: Sleeping          |     1 |     4 |     4 |     1 |       ||    10
       Invisible         |       |       |     3 |     2 |       ||     5
       Distracted        |       |       |     1 |       |     1 ||     2
  Eat: Chunk             |     4 |     5 |    10 |    25 |     6 ||    50
       Ration            |       |       |     6 |    12 |     2 ||    20
Armor: Skin              |    30 |    18 |   100 |   182 |    59 ||   389
Dodge: Dodged            |    79 |    47 |   176 |   316 |   136 ||   754
